cohdb
Replays
Latest Replays
All Replays
Popular Replays
Top Player Replays
Match Explorer
How It Works
Community
CoH3 Stats
Reddit
Sign in to upload your games and track your stats! →
Sign in with Steam
Match 38469391
Unlisted
Match 38469391
Overview
Messages
Build Orders
End
Construct Infanterie Kompanie
Grenadier Squad
Grenadier Squad
Selects Mechanized Battlegroup
MG 42 Machine Gun Team
Grenadier Squad
Construct Luftwaffe Kompanie
Selects Mobile Repair Stations
221 Scout Car
Support Elements
Selects Raid Package
Medical Station
Wirbelwind Flakpanzer
Marder III M Tank Destroyer
Selects StuG Assault Group
Luftwaffe Officer Quarters
Jäger Squad
Selects UNKNOWN (2160084)
Construct Panzer Kompanie
Jäger Squad
qZeto
Epicdeath
BIOHAZARD
Gorgolo
Trapoviejo
Papa Rojo
Elder-Gyattson
Vortech.FiveOh
0
0
Comments
sign in to comment!
No comments posted yet!